 Dungeon Crawl Stone Soup version 0.24.0-2-g5b39cebb1c (webtiles) character file.

Game seed: 7715908463073001834, levelgen mode: deterministic

136415 night the Brawler (level 16, -5/167 HPs)
             Began as a Troll Fighter on Oct 30, 2019.
             Was the Champion of Ru.
             Slain by a tyrant leech (24 damage)
             ... on level 2 of the Swamp.
             The game lasted 01:39:36 (26233 turns).

night the Brawler (Troll Fighter)                  Turns: 26233, Time: 01:39:37

Health: -5/167     AC: 22    Str: 40    XL:     16   Next: 66%
Magic:  15/15      EV:  6    Int:  4    God:    Ru [******]
Gold:   1050       SH: 22    Dex:  9    Spells: 15/15 levels left

rFire    . . .     SeeInvis .     - Unarmed
rCold    x . .     Gourm    +   y - +0 large shield of the Quahog {rF- rCorr Str+7}
rNeg     . . .     Faith    .   T - +0 storm dragon scales
rPois    .         Spirit   .   (helmet restricted)
rElec    +         Reflect  .   (no cloak)
rCorr    +         Harm     .   (gloves unavailable)
MR       +....                  (boots unavailable)
Stlth    ..........             A - amulet of Vitality {Regen+ HP+15}
HPRegen  1.17/turn              Z - +4 ring of protection
MPRegen  0.14/turn              O - ring of fire

@: lethally poisoned (-5 -> -5), lightly drained
A: large, unfitting armour, claws 3, horns 1, icy blue scales 1, slimy green
scales 1, fast metabolism 3, frail 1, gourmand, regeneration 1, shaggy fur 1,
tough skin 3, evolution 1, inability to use devices, inability to train dodging,
no poison magic, no translocations magic, no transmutations magic, disrupted
magic 1
a: Draw Out Power, Power Leap, Apocalypse, Renounce Religion


You were on level 2 of the Swamp.
You worshipped Ru.
Ru was exalted by your worship.
You were completely stuffed.

You visited 5 branches of the dungeon, and saw 26 of its levels.
You visited the Abyss 1 time.
You also visited: Ice Cave.

You collected 3115 gold pieces.
You spent 2065 gold pieces at shops.

Inventory:

Hand Weapons
 b - a +4 fustibalus of flaming
Missiles
 m - 75 poisoned darts (quivered)
 q - 25 boomerangs
 r - 16 curare-tipped darts
 s - 211 sling bullets
 w - 639 stones
 H - 10 atropa-tipped darts
 I - 5 javelins
 L - a throwing net
 M - 35 large rocks
Armour
 p - a +2 robe of positive energy
 u - a +0 shield
 y - the +0 large shield of the Quahog (worn) {rF- rCorr Str+7}
   (You bought it in a shop on level 8 of the Dungeon)

   It affects your strength (+7).
   It makes you vulnerable to fire.
   It provides partial protection from all sources of acid and corrosion.
 G - a +2 robe of resistance
 S - +0 fire dragon scales
 T - +0 storm dragon scales (worn)
Jewellery
 a - an uncursed ring of protection from magic
 z - the ring "Engimauc" {Ice Str+4}
   (You took it off an orc on level 8 of the Dungeon)

   [ring of ice]

   It enhances your ice magic.
   It affects your strength (+4).
   It makes you vulnerable to fire.
   It protects you from cold.
 A - the amulet of Vitality (around neck) {Regen+ HP+15}
   (You took it off a tengu conjurer on level 8 of the Dungeon)

   [amulet of regeneration]

   It affects your health (+15).
   It increases your rate of regeneration.
 D - an uncursed ring of resist corrosion
 E - a +2 ring of slaying
 O - a ring of fire (right claw)
 P - an uncursed ring of see invisible
 V - an uncursed ring of protection from cold
 W - an uncursed ring of protection from cold
 X - a +2 amulet of reflection
 Z - a +4 ring of protection (left claw)
Scrolls
 f - 5 scrolls of fear
 j - 8 scrolls of magic mapping
 o - 5 scrolls of remove curse
 x - 13 scrolls of teleportation
 B - 4 scrolls of enchant armour
 F - 3 scrolls of fog
 J - 6 scrolls of identify
 Q - 5 scrolls of blinking
Potions
 c - 6 potions of might
 e - 4 potions of lignification
 g - 3 potions of agility
 h - 4 potions of flight
 i - 17 potions of curing
 k - 2 potions of magic
 l - 2 potions of berserk rage
 n - 4 potions of heal wounds
 t - 5 potions of brilliance
 v - 4 potions of cancellation
 C - a potion of haste
 K - 4 potions of invisibility
 N - 4 potions of ambrosia
 R - 3 potions of resistance
Comestibles
 d - 49 rations
 U - 11 chunks of flesh


   Skills:
 + Level 13.1(12.7) Fighting
 + Level 13.1(12.7) Shields
 * Level 20.1(19.7) Unarmed Combat


You had 15 spell levels left.
You didn't know any spells.
Your spell library contained the following spells:

 Spells                   Type           Power        Failure   Level  Hunger
 Animate Skeleton         Necr           N/A          99%         1    ##.....
 Confusing Touch          Hex            #.....       99%         1    ##.....
 Corona                   Hex            #......      99%         1    ##.....
 Infusion                 Chrm           #...         99%         1    ##.....
 Magic Dart               Conj           #...         99%         1    ##.....
 Sandblast                Erth           #.....       99%         1    ##.....
 Summon Small Mammal      Summ           #...         99%         1    ##.....
 Call Imp                 Summ           #.......     99%         2    ###....
 Slow                     Hex            #.......     99%         2    ###....
 Swiftness                Chrm/Air       #.......     99%         2    ###....
 Throw Flame              Conj/Fire      #.....       99%         2    ###....
 Confuse                  Hex            #.......     100%        3    ####...
 Conjure Flame            Conj/Fire      #.......     100%        3    ####...
 Inner Flame              Hex/Fire       #.......     100%        3    ####...
 Spectral Weapon          Hex/Chrm       #.......     100%        3    ####...
 Stone Arrow              Conj/Erth      #.....       100%        3    ####...
 Cause Fear               Hex            #.........   100%        4    #####..
 Leda's Liquefaction      Hex/Erth       #.........   100%        4    #####..
 Summon Lightning Spire   Summ/Air       #.......     100%        4    #####..
 Bolt of Magma            Conj/Fire/Erth #.........   100%        5    ######.
 Iskenderun's Battlesphe  Conj/Chrm      #.......     100%        5    ######.
 Lee's Rapid Deconstruct  Erth           #.........   100%        5    ######.
 Metabolic Englaciation   Hex/Ice        #.........   100%        5    ######.
 Silence                  Hex/Air        #.........   100%        5    ######.
 Bolt of Cold             Conj/Ice       #.........   100%        6    #######
 Conjure Ball Lightning   Conj/Air       #.........   100%        6    #######
 Deflect Missiles         Chrm/Air       #.........   100%        6    #######
 Freezing Cloud           Conj/Ice/Air   #.........   100%        6    #######
 Iron Shot                Conj/Erth      #.........   100%        6    #######
 Ozocubu's Refrigeration  Ice            #.........   100%        6    #######
 Simulacrum               Ice/Necr       #.........   100%        6    #######
 Orb of Destruction       Conj           #.........   100%        7    #######
 Spellforged Servitor     Conj/Summ      #.........   100%        7    #######
 Shatter                  Erth           #.........   100%        9    #######
 Tornado                  Air            #.........   100%        9    #######
 Apportation              Tloc           Unusable     N/A         1    N/A
 Sting                    Conj/Pois      Unusable     N/A         1    N/A
 Blink                    Tloc           Unusable     N/A         2    N/A
 Passwall                 Tmut/Erth      Unusable     N/A         2    N/A
 Poisonous Vapours        Pois/Air       Unusable     N/A         2    N/A
 Shroud of Golubria       Chrm/Tloc      Unusable     N/A         2    N/A
 Gell's Gravitas          Tloc           Unusable     N/A         3    N/A
 Mephitic Cloud           Conj/Pois/Air  Unusable     N/A         3    N/A
 Portal Projectile        Hex/Tloc       Unusable     N/A         3    N/A
 Ice Form                 Ice/Tmut       Unusable     N/A         4    N/A
 Olgreb's Toxic Radiance  Pois           Unusable     N/A         4    N/A
 Petrify                  Tmut/Erth      Unusable     N/A         4    N/A
 Venom Bolt               Conj/Pois      Unusable     N/A         5    N/A
 Yara's Violent Unravell  Hex/Tmut       Unusable     N/A         5    N/A
 Statue Form              Tmut/Erth      Unusable     N/A         6    N/A

Dungeon Overview and Level Annotations

Branches:
Dungeon (15/15)            Temple (1/1) D:4            Lair (6/6) D:10
  Swamp (2/4) Lair:2        Snake (0/4) Lair:2        Slime (0/5) Lair:5
    Orc (2/2) D:11            Elf (0/3) Orc:2        Vaults (0/5) D:13
 Depths (0/5) D:15          IceCv (visited)

Altars:
Ashenzari
Cheibriados
Dithmenos
Elyvilon
Fedhas
Gozag
Hepliaklqana
Kikubaaqudgha
Makhleb
Nemelex Xobeh
Okawaru
Qazlal
Ru
Sif Muna
Trog
Uskayaw
Vehumet
Wu Jian
Xom
Yredelemnul
Zin
The Shining One
Jiyva

Shops:
D:8 (([(   D:9 =   D:11 }   D:13 !   D:14 ?   Orc:2 =!=%**=

Annotations:
D:8 exclusion: statue
D:15 1 runed translucent door, Qishud's ghost, adept GrEE
Lair:2 3 runed translucent doors, kelthazard45's ghost, journeyman DsFi
Lair:3 3 runed translucent doors, Dikli's ghost, journeyman MiBe
Abyss:1 Sonja


Innate Abilities, Weirdness & Mutations

You are too large for most types of armour.
You have claws for hands.
Your metabolism is lightning-fast.
You are frail. (-10% HP)
You like to eat raw meat.
Your natural rate of healing is unusually fast.
You are covered in fur. (AC +1)
You have extremely tough skin. (AC +3)
You cannot study or use magical devices.
You cannot train Dodging skill.
You cannot study or cast Poison magic.
You cannot study or cast Translocations magic.
You cannot study or cast Transmutations magic.
Your casting is slightly disrupted.
You have a pair of small horns on your head.
You are partially covered in icy blue scales. (AC +2)
You are partially covered in slimy green scales. (AC +2)
You evolve.


Message History

The tyrant leech is stunned by your will and fails to attack.
You feel less exhausted.
You feel sick.
You scratch the tyrant leech.
The tyrant leech is lightly wounded.
The tyrant leech is stunned by your will and fails to attack.
You closely miss the tyrant leech.
You headbutt the tyrant leech, but do no damage.
The tyrant leech is lightly wounded.
The tyrant leech barely misses you.
You eviscerate the tyrant leech!!! Your headbutt misses the tyrant leech.
The tyrant leech is almost dead.
You feel sick.
You closely miss the tyrant leech.
The tyrant leech is almost dead.
The tyrant leech bites you!
* * * LOW HITPOINT WARNING * * *
The tyrant leech draws strength from your injuries!
The tyrant leech bites you!!
You die...

♣♣ ♣≈≈≈.≈≈≈≈≈♣.≈.♣ .♣♣♣ ♣♣♣
♣..>≈≈†.♣♣.≈^♣♣ .≈≈♣♣♣♣
♣♣♣≈♣♣♣♣♣.≈≈..≈♣♣♣≈.♣♣
♣.....♣♣♣≈.≈..♣♣♣≈≈....≈♣♣♣.≈♣
.§≈≈≈≈≈♣..≈≈≈≈≈≈....†≈≈.♣♣♣≈.♣♣
.≈≈≈≈≈.♣♣.≈≈≈≈≈≈≈....≈≈≈.≈♣<..♣
≈..≈≈≈.≈≈.≈≈≈≈≈.≈♣...≈≈≈..♣..♣♣
.♣♣.≈≈.≈≈≈≈≈≈≈.ww♣≈≈....≈♣≈♣≈♣
.♣♣...†≈≈≈≈§....@[♣≈....≈♣♣♣♣♣♣
......≈≈≈...♣♣♣..≈.......≈♣...♣
....♣♣.....♣♣
♣♣♣..........≈§≈♣♣ ...♣♣♣♣≈≈≈♣♣
♣♣♣♣.....♣...≈≈≈≈♣ ≈♣♣♣ ♣.≈≈.♣
♣.....≈♣♣♣♣♣.≈≈≈♣♣ ♣♣ ♣♣...♣
♣♣...≈..♣ ♣.≈..♣ ♣♣♣♣♣ ♣.≈≈≈≈♣♣
♣♣♣♣♣♣ ♣≈≈.♣♣♣ ♣..≈♣


You could see 2 tyrant leeches.

Vanquished Creatures
  Nikola (Swamp:1)
  Rupert (D:12)
  Gastronok (D:9)
  A tengu reaver (D:12)
  A frost giant (IceCv)
  A stone giant (D:12)
  Nessos (D:14)
  A green death (Abyss:2)
  2 ogre magi (D:15)
  Snorg (Lair:3)
  A fire dragon (Lair:6)
  A yaktaur captain (D:12)
  Josephine (D:12)
  4 hydras
  5 vault guards (D:13)
  5 alligators
  A death knight (D:13)
  A ghost crab (Swamp:2)
  4 centaur warriors
  11 two-headed ogres
  A death yak (IceCv)
  2 tengu warriors (D:13)
  4 orc high priests (Orc:2)
  2 wretched stars (Abyss:2)
  8 skeletal warriors
  A spriggan druid (Swamp:2)
  An unseen horror (D:12)
  2 swamp dragons (Swamp:2)
  2 phantasmal warriors
  8 orc knights
  A lindwurm (Lair:6)
  A wolf spider zombie (D:14)
  8 ugly things
  5 orc sorcerers
  2 deep elf magi (D:10)
  6 cyclopes
  A wolf spider (Lair:6)
  A moth of wrath (shapeshifter) (D:15)
  2 oklob plants (Lair:1)
  An elephant (D:10)
  8 black mambas
  3 naga magi (D:15)
  2 gargoyles
  A smoke demon (Abyss:2)
  A guardian serpent (Lair:6)
  An ice statue (IceCv)
  6 torpor snails
  A kobold demonologist (D:12)
  An orange demon (Abyss:2)
  12 spiny frogs
  A rime drake (Lair:6)
  3 komodo dragons
  2 freezing wraiths (D:13)
  2 ancient zymes (Abyss:2)
  A tengu conjurer (D:8)
  2 ice devils (D:12)
  13 trolls
  12 hornets
  16 polar bears
  13 tyrant leeches
  5 bog bodies
  A blink frog (shapeshifter) (D:14)
  8 slime creatures
  22 blink frogs
  7 hippogriffs
  3 shadows
  5 redbacks (Lair:6)
  3 fire bats (Abyss:2)
  2 vampires
  6 humans (D:13)
  3 small abominations (Abyss:2)
  9 wyverns
  62 yaks
  9 wraiths
  A hungry ghost (D:13)
  7 vampire mosquitoes
  A steam dragon (D:10)
  2 basilisks
  4 wargs
  Edmund (D:6)
  8 swamp worms
  A soldier ant (D:10)
  An acid dragon (D:14)
  26 water moccasins
  8 porcupines
  3 swamp drakes
  8 sky beasts
  8 phantoms
  24 orc warriors
  3 black bears
  7 ice beasts
  2 necrophages
  17 ogres
  21 wolves
  22 centaurs
  14 crocodiles
  5 big kobolds
  18 bullfrogs
  4 gnoll sergeants
  2 water moccasin zombies
  Blork the orc (D:5)
  2 wyvern zombies
  8 scorpions
  4 killer bees (D:13)
  22 wights
  10 howler monkeys
  2 bullfrog zombies
  5 centaur zombies
  8 crimson imps
  8 jellies
  10 hounds
  14 orc priests
  4 centaur skeletons
  2 iron imps (Abyss:2)
  19 orc wizards
  4 bullfrog skeletons
  4 iguanas
  16 worker ants
  A hound zombie (D:6)
  3 worker ant zombies
  A howler monkey skeleton (D:8)
  10 gnolls
  17 adders
  An ufetubus (Abyss:2)
  14 oozes
  4 adder skeletons
  5 worms
  A dart slug (D:2)
  4 leopard geckos
  90 orcs
  6 giant cockroaches
  9 goblins
  8 hobgoblins
  9 jackals
  5 quokkas
  2 ball pythons
  12 bats
  3 frilled lizards
  26 kobolds
  8 rats
  A butterfly (Lair:5)
  5 fungi (Lair:6)
  2 plants
958 creatures vanquished.

Vanquished Creatures (others)
  A hydra (Lair:6)
  2 two-headed ogres
  A wolf spider zombie (D:15)
  A wolf spider (Lair:6)
  A black mamba (Lair:6)
  A bog body (Swamp:1)
  A yak (Lair:1)
  A wyvern (D:14)
  A human (D:13)
  An ogre (D:15)
  A wolf (IceCv)
  A centaur (D:12)
  3 orcs (D:12)
  A ball python (Lair:2)
  A kobold (D:12)
  9 fungi
  26 plants
  10 toadstools (D:4)
63 creatures vanquished.

Grand Total: 1021 creatures vanquished

Notes
Turn   | Place    | Note
-------+----------+-------------------------------------------
     0 | D:1      | night the Troll Fighter began the quest for the Orb.
     0 | D:1      | Reached XP level 1. HP: 22/22 MP: 0/0
   113 | D:1      | Reached XP level 2. HP: 28/29 MP: 1/1
   308 | D:1      | Reached XP level 3. HP: 36/36 MP: 2/2
   478 | D:2      | Reached skill level 3 in Unarmed Combat
   799 | D:2      | Reached XP level 4. HP: 41/44 MP: 3/3
   825 | D:2      | Found a shadowy altar of Dithmenos.
  1107 | D:3      | Found a shimmering altar of Xom.
  1107 | D:3      | Found a sacrificial altar of Ru.
  1115 | D:3      | Found a white marble altar of Elyvilon.
  1118 | D:3      | Found a faded altar of an unknown god.
  1120 | D:3      | Found a faded altar of an unknown god.
  1133 | D:3      | Became a worshipper of Ru the Awakened
  1723 | D:4      | Reached skill level 4 in Unarmed Combat
  1723 | D:4      | Reached XP level 5. HP: 51/53 MP: 4/4
  1905 | D:4      | Reached XP level 6. HP: 60/61 MP: 5/5
  2043 | D:4      | Reached skill level 5 in Unarmed Combat
  2124 | D:4      | Found a burning altar of Makhleb.
  2145 | D:4      | Gained mutation: You are frail. (-10% HP) [Ru sacrifice]
  2145 | D:4      | Reached * piety under Ru
  2145 | D:4      | Reached ** piety under Ru
  2196 | D:4      | Found a staircase to the Ecumenical Temple.
  2442 | D:4      | Found a snail-covered altar of Cheibriados.
  2445 | D:4      | Found a shattered altar of Ashenzari.
  2448 | D:4      | Found an iron altar of Okawaru.
  2683 | D:4      | Reached XP level 7. HP: 54/61 MP: 6/6
  2735 | D:4      | Reached skill level 6 in Unarmed Combat
  2851 | Temple   | Entered the Ecumenical Temple
  3246 | D:5      | Entered Level 5 of the Dungeon
  3317 | D:5      | Noticed Blork the orc
  3325 | D:5      | Killed Blork the orc
  3493 | D:5      | Reached XP level 8. HP: 65/71 MP: 7/7
  3591 | D:5      | Reached skill level 7 in Unarmed Combat
  4070 | D:6      | Reached skill level 5 in Fighting
  4070 | D:6      | Reached skill level 5 in Shields
  4208 | D:6      | Reached skill level 8 in Unarmed Combat
  4256 | D:6      | Found an iron altar of Okawaru.
  4456 | D:6      | Reached XP level 9. HP: 78/79 MP: 8/8
  4522 | D:6      | Noticed Edmund
  4534 | D:6      | Killed Edmund
  4610 | D:6      | Found an ornate altar of the Wu Jian Council.
  4628 | D:6      | Reached skill level 9 in Unarmed Combat
  4730 | D:6      | Gained mutation: You cannot study or cast Poison magic. [Ru
                  | sacrifice]
  4730 | D:6      | Gained mutation: You cannot study or cast Transmutations
                  | magic. [Ru sacrifice]
  4730 | D:6      | Gained mutation: You cannot study or cast Translocations
                  | magic. [Ru sacrifice]
  4730 | D:6      | Reached *** piety under Ru
  5413 | D:7      | Found the +5 scythe "Finisher" {speed, eviscerate}
  5417 | D:7      | Reached skill level 10 in Unarmed Combat
  5701 | D:7      | Gained mutation: You are partially covered in slimy green
                  | scales. (AC +2) [potion of mutation]
  5701 | D:7      | Gained mutation: You evolve. [potion of mutation]
  5822 | D:8      | Found a sparkling altar of Nemelex Xobeh.
  5855 | D:8      | Found Duipn's Antique Armour Emporium.
  5868 | D:8      | Bought a dazzling large shield for 275 gold pieces
  5884 | D:8      | Identified the cursed +0 large shield of the Quahog {rF-
                  | rCorr Str+7} (You bought it in a shop on level 8 of the
                  | Dungeon)
  5894 | D:8      | Found Ozaenin's Weapon Boutique.
  5942 | D:8      | Reached XP level 10. HP: 90/90 MP: 9/9
  6102 | D:8      | Found a radiant altar of Vehumet.
  6187 | D:8      | You fall into a shaft and drop 1 floor!
  6361 | D:8      | Identified the cursed +3 shortbow "Desoimn" {flame, rElec}
  6361 | D:8      | Identified the ring "Engimauc" {Ice Str+4}
  6415 | D:8      | Noticed a white ugly thing
  6426 | D:8      | Killed a white ugly thing
  6469 | D:8      | Reached skill level 11 in Unarmed Combat
  6677 | D:8      | Found Bituddovvu's Antique Weapon Emporium.
  6679 | D:8      | Found Mailean's Antique Weapon Shoppe.
  6988 | D:9      | Gained mutation: Your casting is slightly disrupted. [Ru
                  | sacrifice]
  7135 | D:9      | Found Efifodau's Jewellery Shoppe.
  7761 | D:10     | Entered Level 10 of the Dungeon
  7761 | D:10     | Noticed Gastronok
  7771 | D:9      | Killed Gastronok
  7771 | D:9      | Reached skill level 12 in Unarmed Combat
  7771 | D:9      | Reached XP level 11. HP: 82/99 MP: 10/10
  7851 | D:10     | Noticed a two-headed ogre
  7856 | D:10     | Killed a two-headed ogre
  7884 | D:10     | Noticed Sonja
  7925 | D:10     | Cast into level 2 of the Abyss (Sonja)
  7926 | Abyss:2  | Found a corrupted altar of Lugonu.
  7977 | Abyss:2  | Noticed a wretched star
  7990 | Abyss:2  | Killed a wretched star
  8030 | Abyss:2  | Noticed a green death
  8034 | Abyss:2  | Noticed a wretched star
  8036 | Abyss:2  | Killed a green death
  8041 | Abyss:2  | Noticed a green draconian
  8043 | Abyss:2  | Killed a wretched star
  8091 | Abyss:2  | Reached skill level 13 in Unarmed Combat
  8113 | D:10     | Escaped the Abyss
  8251 | D:10     | Noticed a deep elf mage
  8253 | D:10     | Noticed a two-headed ogre
  8448 | D:10     | Found a staircase to the Lair.
  8509 | D:10     | Killed a two-headed ogre
  8525 | D:10     | Killed a deep elf mage
  8854 | D:10     | Gained mutation: You have a pair of small horns on your
                  | head. [evolution]
  8860 | Lair:1   | Entered Level 1 of the Lair of Beasts
  8934 | Lair:1   | Gained mutation: You cannot train Dodging skill. [Ru
                  | sacrifice]
  8934 | Lair:1   | Reached **** piety under Ru
  9001 | Lair:1   | Reached XP level 12. HP: 109/109 MP: 11/11
  9512 | Lair:1   | Reached skill level 14 in Unarmed Combat
  9700 | Lair:2   | Found a runed translucent gate.
  9706 | Lair:2   | Found a runed translucent gate.
  9725 | Lair:2   | Found a runed translucent gate.
  9783 | Lair:2   | Noticed kelthazard45's ghost (journeyman DsFi)
  9783 | Lair:2   | Noticed an ice dragon
  9920 | Lair:2   | Found a staircase to the Snake Pit.
 10084 | Lair:2   | Found a staircase to the Swamp.
 10283 | Lair:2   | Got a fine robe
 10294 | Lair:2   | Identified the +1 robe "Geared" {Str+3} (You found it on
                  | level 2 of the Lair of Beasts)
 10524 | Lair:3   | Gained mutation: You cannot study or use magical devices.
                  | [Ru sacrifice]
 10524 | Lair:3   | Reached ***** piety under Ru
 10524 | Lair:3   | Reached ****** piety under Ru
 10663 | Lair:3   | Noticed Snorg
 10690 | Lair:3   | Killed Snorg
 10690 | Lair:3   | Reached skill level 15 in Unarmed Combat
 10829 | Lair:3   | Found a runed translucent gate.
 10829 | Lair:3   | Found a runed translucent gate.
 10829 | Lair:3   | Found a runed translucent gate.
 10842 | Lair:3   | Reached XP level 13. HP: 97/119 MP: 12/12
 10890 | Lair:3   | Noticed Dikli's ghost (journeyman MiBe)
 11307 | Lair:3   | Found a viscous altar of Jiyva.
 12227 | Lair:4   | Reached skill level 10 in Fighting
 12227 | Lair:4   | Reached skill level 10 in Shields
 12614 | D:8      | Bought a runed fustibalus for 414 gold pieces
 13065 | D:10     | Banished Sonja
 13556 | D:8      | Bought 16 sling bullets for 88 gold pieces
 14910 | Lair:5   | Found a viscous altar of Jiyva.
 14919 | Lair:5   | Found a staircase to the Slime Pits.
 15805 | Lair:6   | Entered Level 6 of the Lair of Beasts
 15860 | Lair:6   | Reached skill level 16 in Unarmed Combat
 16754 | Lair:6   | Reached XP level 14. HP: 129/129 MP: 13/13
 16856 | Lair:6   | Paralysed by a hornet for 3 turns
 17101 | Lair:6   | Found a runed translucent door.
 18155 | D:11     | Reached skill level 17 in Unarmed Combat
 18259 | D:11     | Found Atupsyci's Gadget Boutique.
 18417 | D:11     | Found a staircase to the Orcish Mines.
 18809 | D:12     | Noticed Rupert
 18827 | D:12     | Killed Rupert
 18851 | D:12     | Noticed a tengu reaver
 18879 | D:12     | Killed a tengu reaver
 18925 | D:12     | Noticed Josephine
 18947 | D:12     | Killed Josephine
 19169 | D:12     | Found a frozen archway.
 19182 | IceCv    | Entered an ice cave
 19377 | IceCv    | Gained mutation: You are partially covered in icy blue
                  | scales. (AC +2) [evolution]
 19586 | IceCv    | Noticed a frost giant
 19610 | IceCv    | Reached XP level 15. HP: 140/140 MP: 14/14
 19617 | IceCv    | Killed a frost giant
 19617 | IceCv    | Reached skill level 18 in Unarmed Combat
 20105 | D:12     | Identified the Incunabulum of Igneous Protection
 20616 | D:13     | Got a scorched trident
 20617 | D:13     | Identified the +3 trident "Rofustec" {freeze, rC+ MR+ Dex-5
                  | SInv} (You found it on level 13 of the Dungeon)
 20836 | D:13     | Found Leof's Distillery.
 20845 | D:13     | Bought a potion of lignification for 42 gold pieces
 20845 | D:13     | Bought a potion of lignification for 42 gold pieces
 20845 | D:13     | Bought a potion of lignification for 42 gold pieces
 20845 | D:13     | Bought 2 potions of invisibility for 224 gold pieces
 20935 | D:13     | Found the +15 Maxwell's patent armour {-Cast -Tele rElec
                  | MR+ rCorr}
 21146 | D:13     | Found a gate to the Vaults.
 21705 | D:14     | Noticed Nessos
 21720 | D:14     | Killed Nessos
 22059 | D:14     | Found Cave's Magic Scroll Shoppe.
 22070 | D:14     | Bought a scroll of enchant armour for 90 gold pieces
 22377 | D:15     | Entered Level 15 of the Dungeon
 22577 | D:15     | Reached skill level 19 in Unarmed Combat
 22690 | D:15     | Found a white marble altar of Elyvilon.
 22799 | D:15     | Found a runed translucent door.
 22801 | D:15     | Noticed Qishud's ghost (adept GrEE)
 23030 | D:15     | Reached XP level 16. HP: 150/150 MP: 15/15
 23229 | D:15     | Found a staircase to the Depths.
 23411 | Orc:1    | Entered Level 1 of the Orcish Mines
 23791 | Orc:2    | Entered Level 2 of the Orcish Mines
 24053 | Orc:2    | Found Ecoovenk's Assorted Antiques.
 24058 | Orc:2    | Bought a scroll of blinking for 232 gold pieces
 24126 | Orc:2    | Found a staircase to the Elven Halls.
 24365 | Orc:2    | Found Wonyxooc's Jewellery Emporium.
 24378 | Orc:2    | Bought a +4 ring of protection for 432 gold pieces
 24409 | Orc:2    | Found Byonwev's Jewellery Boutique.
 24630 | Orc:2    | Found Voumolek's Distillery.
 24630 | Orc:2    | Found Quadghuc's Jewellery Emporium.
 24658 | Orc:2    | Found Baawimp's General Store.
 24658 | Orc:2    | Found Badom's Food Emporium.
 24695 | Orc:2    | Bought a potion of heal wounds for 80 gold pieces
 24697 | Orc:2    | Bought a potion of cancellation for 104 gold pieces
 24858 | Swamp:1  | Entered Level 1 of the Swamp
 25103 | Swamp:1  | Noticed Nikola
 25160 | Swamp:1  | Killed Nikola
 25919 | Swamp:2  | Reached skill level 20 in Unarmed Combat
 26191 | Swamp:2  | Paralysed by a hornet for 2 turns
 26196 | Swamp:2  | Paralysed by a hornet for 1 turns
 26233 | Swamp:2  | Slain by a tyrant leech

Levels and vault maps discovered:
D:1:      lemuel_arrival_rhombus, layout_rooms, minmay_misc_feat_pillars
D:2:      layout_basic, nicolae_dithmenos_through_a_glass_darkly
D:3:      layout_basic, chequers_temple_overflow_minitemple, first_ration
D:4:      cheibrodos_fertilizer, layout_loops_ring,
          grunt_temple_overflow_diamond, old_standard_altar,
          minmay_temple_entry_offerings, enter_ossuary_5,
          chequers_serial_rivers_small_a, grunt_ministairs_11, minmay_between
D:5:      layout_basic, minmay_manual_mail, uniq_blork_the_orc
D:6:      layout_basic, lemuel_round_altar, wad_floor_pattern_untrapped,
          kennysheep_okawaru_gauntlet, uniq_edmund
D:7:      layout_basic, minmay_guarded_unrand_finisher
D:8:      minmay_the_grid_octo_triangle [minmay_the_grid_octo_thin_diamonds,
          minmay_the_grid_octo_prize_ultimate_mussel_roller,
          minmay_the_grid_octo_chip], layout_loops_cross, vehumet_statue,
          serial_shops, shop, nicolae_shop_temple_entry_statues_fountains,
          nicolae_shop_statue_plus, shop_statue, basic_altar, grunt_ogre_cave
D:9:      layout_loops_ring, serial_co_window_serial, co_window_corner_a,
          co_window_paths_a, co_window_paths_a, co_window_corner_a,
          co_window_paths_b, co_window_2corner, co_window_of_opportunity_c,
          co_window_corner_b, co_window_4corner_a, serial_shops,
          nicolae_shop_stone
D:10:     cheibrodos_barr_body, layout_rooms, david_lair_generic,
          minmay_fountain_box, uniq_sonja, uniq_gastronok
D:11:     layout_roguey, kennysheep_orc_monster_closet_entryway,
          serial_aquarium, aquarium_bridge_square [aquarium_subvault_wall,
          aquarium_subvault_wall, aquarium_subvault_wall,
          aquarium_subvault_bridge], aquarium_window_corner, aquarium_window_1,
          aquarium_window_1, aquarium_window_corner, aquarium_view_2f,
          serial_shops, kennysheep_little_box
D:12:     minmay_chopped_fan, layout_basic, portal_ice_cave_demonic_guard,
          uniq_rupert, uniq_josephine
D:13:     layout_roguey, ximxim_vaults_locker_room, serial_shops,
          nicolae_shop_stone, kennysheep_generic_room_16
D:14:     layout_long_grid, nicolae_wwwww, serial_shops, nicolae_shop_stone,
          uniq_nessos
D:15:     grunt_enter_depths_magical_seal, layout_long_grid, elyvilon_altar_1,
          ebering_ghost_inner_flame
Temple:   oiseaux_autumnal_temple
Lair:1:   layout_regular_city, minmay_lair_oklob_chamber, lemuel_fruit_tree,
          grunt_megastairs_5
Lair:2:   layout_roguey, skrybe_swamp_entry_bodies,
          minmay_snake_entry_six_corridors, gammafunk_ghost_icy
Lair:3:   layout_misc_corridors, gammafunk_ghost_ooze, uniq_snorg
Lair:4:   layout_layer_cave
Lair:5:   layout_cave_shapes, slime_altar_1, enter_volcano_4,
          lemuel_fruit_fields
Lair:6:   wormcave, layout_regular_city, hangedman_lair_tendril_chambers,
          lemuel_fruit_fields
Swamp:1:  layout_basic_swamp, evilmike_swamp_ruin_house_2,
          infiniplex_staircase_pool, uniq_nikola
Swamp:2:  layout_basic_swamp, evilmike_swamp_ruin_house_3
Orc:1:    layout_caves, mines_bat_river
Orc:2:    grunt_orc_tribal_feast, layout_diamond_mine, serial_shops,
          nicolae_shop_stone, shop_statue, shop

Skill      XL: |  1  2  3  4  5  6  7  8  9 10 11 12 13 14 15 16 |
---------------+-------------------------------------------------+-----
Unarmed Combat | 3 4 5 6 8 10 12 13 15 16 17 19 20 | 20.1
Shields        | 3 4 5 6 7 8 9 10 11 12 13 | 13.1
Fighting       | 3 4 5 6 7 8 9 10 11 12 13 | 13.1
Dodging        | 0 |  0.0

Action                   |  1- 3 |  4- 6 |  7- 9 | 10-12 | 13-15 | 16-18 || total
-------------------------+-------+-------+-------+-------+-------+-------++-------
Melee: Unarmed           |   150 |   173 |   315 |   565 |  1189 |   351 ||  2743
       Trident           |       |       |     5 |       |       |       ||     5
       Headbutt          |       |       |       |    53 |   281 |    81 ||   415
 Fire: Fustibalus        |       |       |       |       |    22 |    44 ||    66
Throw: Dart              |       |       |       |     9 |     5 |       ||    14
       Throwing net      |       |       |       |     1 |       |       ||     1
       Boomerang         |       |       |       |     6 |       |       ||     6
       Large rock        |       |       |       |     1 |    11 |       ||    12
Invok: Sacrifice Health  |       |     1 |       |       |       |       ||     1
       Sacrifice Arcana  |       |       |     1 |       |       |       ||     1
       Sacrifice Essence |       |       |       |     1 |       |       ||     1
       Draw Out Power    |       |       |       |     1 |       |     1 ||     2
       Sacrifice Nimblen |       |       |       |     1 |       |       ||     1
       Sacrifice Artific |       |       |       |     1 |       |       ||     1
       Apocalypse        |       |       |       |       |     3 |     1 ||     4
       Power Leap        |       |       |       |       |     2 |       ||     2
Evoke: Wand              |       |       |       |     5 |       |       ||     5
       Sack of spiders   |       |       |       |     2 |       |       ||     2
  Use: Scroll            |       |     7 |     9 |    11 |    11 |     3 ||    41
       Potion            |       |       |     1 |     6 |     2 |       ||     9
 Stab: Sleeping          |       |     1 |       |       |       |       ||     1
       Distracted        |       |       |     1 |     4 |     5 |       ||    10
       Invisible         |       |       |       |     3 |     3 |       ||     6
       Paralysed         |       |       |       |     3 |     8 |     2 ||    13
       Confused          |       |       |       |       |     3 |       ||     3
  Eat: Chunk             |    13 |    15 |    31 |    47 |   110 |    30 ||   246
       Ration            |       |       |       |       |     1 |       ||     1
Armor: Robe              |    76 |    54 |    64 |    77 |    34 |       ||   305
       Storm dragon scal |       |       |       |       |   144 |    84 ||   228
       Fire dragon scale |       |       |       |       |     5 |       ||     5
Dodge: Dodged            |    51 |    54 |    73 |    54 |    97 |    45 ||   374
Block: Shield            |    78 |    49 |   120 |       |    10 |       ||   257
       Large shield      |       |       |     2 |   378 |   763 |   253 ||  1396
